Map: [ESL] Data-C

Players

NightPhoenix

  • Race: Protoss Protoss
  • Spawn Location: 9:00

goblin - Winner!

  • Race: Protoss Protoss
  • Spawn Location: 3:00

Event: DreamHack SC2 Masters 2022 Atlanta (Online)

VOD

Have the link to the VOD?

Description

Time

  • Played on: Oct. 7, 2022, 12:08 p.m.
  • Length: 7:29

All games in this series

Show
View Real Time Build Order
Export as new Build Order

NightPhoenix Protoss 

Build Orders: Blink Stalkers 

Get SALT Encoding   

  12  0:00  Probe  
  13  0:12  Probe  
  14  0:17  Pylon  
  14  0:24  Probe (Chrono Boost)  
  15  0:36  Gateway, Probe (Chrono Boost)  
  16  0:44  Probe (Chrono Boost)  
  16  0:46  Assimilator  
  17  0:51  Probe  
  17  0:56  Assimilator  
  18  1:03  Probe (Chrono Boost)  
  19  1:08  Gateway  
  19  1:13  Probe (Chrono Boost)  
  19  1:17  Probe (Chrono Boost)  
  20  1:25  Cybernetics Core  
  21  1:29  Probe  
  22  1:39  Pylon  
  22  1:41  Probe  
  24  2:02  Stalker x2  
  24  2:04  Warp Gate  
  27  2:10  Pylon  
  27  2:19  Twilight Council  
  27  2:32  Stalker  
  27  2:36  Stalker  
  31  2:45  Gateway  
  31  2:53  Blink (Chrono Boost)  
  31  3:07  Pylon  
  31  3:11  Gateway  
  31  3:25  Pylon  
  28  3:53  Stalker x3  
  34  4:07  Stalker  
  34  4:09  Pylon  
  36  4:17  Stalker x2  
  36  4:21  Stalker  
  40  4:35  Stalker  
  40  4:41  Stalker x2  
  44  4:46  Stalker  
  44  4:53  Stalker  
  46  5:06  Adept  
  46  5:07  Adept  
  50  5:14  Stalker  
  52  5:32  Stalker x2  
  50  5:44  Adept x2  
  54  6:03  Stalker  
  54  6:07  Pylon  
  38  6:26  Adept x4  
  46  6:55  Stalker x3  
  46  6:58  Stalker  
Show
View Real Time Build Order
Export as new Build Order

goblin Protoss - Winner!

Build Orders:  

Get SALT Encoding   

  12  0:00  Probe  
  13  0:12  Probe  
  14  0:19  Pylon  
  14  0:24  Probe  
  15  0:38  Probe (Chrono Boost), Gateway  
  16  0:46  Probe (Chrono Boost)  
  16  0:47  Assimilator  
  17  0:52  Probe  
  17  0:56  Assimilator  
  18  1:04  Probe (Chrono Boost)  
  18  1:08  Pylon  
  19  1:13  Probe (Chrono Boost)  
  20  1:18  Probe (Chrono Boost)  
  21  1:28  Cybernetics Core  
  21  1:30  Probe  
  24  1:42  Probe  
  25  1:54  Probe  
  25  1:59  Nexus  
  24  2:06  Adept  
  26  2:14  Robotics Facility  
  26  2:17  Warp Gate  
  26  2:20  Probe  
  27  2:27  Shield Battery  
  27  2:34  Probe  
  27  2:36  Sentry  
  30  3:09  Gateway, Stalker (Chrono Boost)  
  30  3:11  Immortal (Chrono Boost)  
  36  3:19  Shield Battery  
  36  3:32  Shield Battery  
  35  3:34  Stalker  
  36  3:50  Immortal  
  40  4:08  Sentry  
  42  4:11  Shield Battery  
  42  4:15  Stalker  
  44  4:28  Probe x2  
  46  4:40  Immortal (Chrono Boost)  
  46  4:42  Pylon  
  44  4:53  Stalker  
  46  5:01  Pylon  
  46  5:03  Pylon  
  46  5:20  Pylon  
  45  5:30  Stalker  
  44  5:39  Sentry  
  46  5:43  Immortal (Chrono Boost)  
  50  5:54  Shield Battery  
  50  6:04  Zealot  
  43  6:26  Probe x2  
  43  6:29  Immortal (Chrono Boost)  
  49  6:39  Probe x2  
  51  6:51  Probe  
  49  7:00  Probe  
Tags
 
Add a new tag
Caveats
  • Supply blocks, unpowered buildings, or Contaminate may cause inaccurate times.
  • Supply counts are checked every 10 seconds.